AoeStats
← Nicky

African Clearing

504096214Analyzed
3v3 RM · 29d ago on Sep 3, 2026· 47m 55s· 6 players
Game mode
Random Map
Map size
Normal (6 player)
Population
200
Speed
Normal
Resources
Standard
Victory
Conquest
Starting age
Dark Age
Ending age
Imperial Age
RankedLock teamsTeams togetherTeam positionsShared explorationLock speedFull tech treeHidden civsTurbo modeCheats
Victory
Defeat
🇺🇸 Persians · United States
830
+12
🇺🇸 Bulgarians · United States
796
+14
🇺🇸 Chinese · United States
792
+14
🇵🇪 Cumans · Peru
762
-14
🇺🇸 Vietnamese · United States
736
-13
🇪🇸 Wu · Spain
730
-13
swirlygig
12:19 Loom
14:11 Feudal Age
13:09 Loom
14:40 Double-Bit Axe
14:38 Horse Collar
18:18 Gold Mining
20:22 Wheelbarrow
24:21 Castle Age
23:36 Fletching
25:30 Bow Saw
28:06 Squires
28:51 Hand Cart
28:58 Heavy Plow
30:25 Ballistics
30:08 Bodkin Arrow
30:17 Stone Mining
31:53 Padded Archer Armor
31:23 Elite Skirmisher
32:09 Thumb Ring
33:01 Pikeman
37:10 Stone Shaft Mining
36:30 Crossbowman
37:47 Forging
37:38 Scale Mail Armor
38:51 Treadmill Crane
39:10 Murder Holes
43:30 Imperial Age
war_xtreme
4:12 Loom
19:21 Feudal Age
20:15 Man-at-Arms
25:45 Padded Archer Armor
46:48 Castle Age
48:14 Castle Age
SGTSanju
14:51 Feudal Age
16:28 Double-Bit Axe
20:17 Castle Age
18:04 Fishing Lines
21:31 Wheelbarrow
25:56 Gillnets
28:16 Gold Mining
28:39 Bow Saw
36:03 Pikeman
36:44 Squires
37:53 Scale Mail Armor
38:04 Forging
39:19 Chain Mail Armor
40:29 Hand Cart
Nicky
16:54 Feudal Age
17:15 Double-Bit Axe
17:57 Man-at-Arms
19:41 Forging
19:41 Horse Collar
26:00 Scale Mail Armor
33:17 Castle Age
32:00 Stone Mining
33:33 Long Swordsman
34:38 Gambesons
35:13 Fletching
40:02 Chain Mail Armor
40:25 Iron Casting
BRY
8:03 Loom
16:04 Feudal Age
16:40 Double-Bit Axe
19:34 Bloodlines
20:08 Horse Collar
22:44 Wheelbarrow
26:34 Castle Age
26:24 Stone Mining
26:26 Gold Mining
30:04 Heavy Plow
31:25 Scale Barding Armor
33:06 Forging
33:17 Chain Barding Armor
34:54 Iron Casting
38:43 Imperial Age
38:02 Scale Mail Armor
42:56 Blast Furnace
bray
6:57 Loom
17:37 Feudal Age
18:00 Horse Collar
19:25 Double-Bit Axe
23:24 Fletching
26:32 Wheelbarrow
29:29 Castle Age
28:02 Gold Mining
28:03 Stone Mining
30:19 Thumb Ring
29:47 Crossbowman
31:23 Man-at-Arms
34:32 Bodkin Arrow
36:50 Padded Archer Armor
44:22 Gold Shaft Mining
44:28 Gold Shaft Mining
44:19 Ballistics
Connection lost

Rejoining the realm…

Still unreachable

The connection could not be restored.

Session expired

The server has moved on; the page needs a fresh start.